 Dungeon Crawl Stone Soup version 0.24.0-124-g2791043dd8 (webtiles) character file.

Game seed: 1872927039821491387, levelgen mode: deterministic

45 Amplified the Stinger (level 3, -5/27 HPs)
             Began as a Gnoll Venom Mage on Feb 14, 2020.
             Was an Initiate of Fedhas.
             Killed by divine providence
             ... invoked by an orc priest
              (17 damage)
             ... on level 3 of the Dungeon.
             The game lasted 00:02:56 (1491 turns).

Amplified the Stinger (Gnoll Venom Mage)            Turns: 1491, Time: 00:02:57

Health: -5/27      AC:  2    Str: 11    XL:     3   Next: 64%
Magic:  0/9        EV: 15    Int: 19    God:    Fedhas [......]
Gold:   50         SH:  0    Dex: 17    Spells: 9/12 levels left

rFire    . . .     SeeInvis .   j - +0 whip
rCold    . . .     Gourm    .   (no shield)
rNeg     + . .     Faith    .   a - +0 robe
rPois    .         Spirit   .   (no helmet)
rElec    .         Reflect  .   (no cloak)
rCorr    .         Harm     .   (no gloves)
MR       .....                  (no boots)
Stlth    +++.......             (no amulet)
HPRegen  0.09/turn              m - ring of positive energy
MPRegen  0.11/turn              g - +2 ring of dexterity

@: no status effects
A: distributed training, fangs 1, clever 1, robust 1, strong nose
a: Renounce Religion


You were on level 3 of the Dungeon.
You worshipped Fedhas.
Fedhas was noncommittal.
You were hungry.

You visited 1 branch of the dungeon, and saw 3 of its levels.

You collected 50 gold pieces.

Inventory:

Hand Weapons
 j - a +0 whip (weapon)
Armour
 a - a +0 robe (worn)
 d - a +0 plate armour
 f - a +0 chain mail
Jewellery
 g - a +2 ring of dexterity (right hand)
 m - a ring of positive energy (left hand)
Scrolls
 e - 3 scrolls of remove curse
 k - a scroll of random uselessness
Potions
 b - a potion of mutation
 h - a potion of haste
 i - a potion of curing
 l - a potion of brilliance
Comestibles
 c - 3 rations


   Skills:
 + Level 0.8 Fighting
 + Level 0.8 Short Blades
 + Level 0.8 Long Blades
 + Level 0.8 Axes
 + Level 0.8 Maces & Flails
 + Level 0.8 Polearms
 + Level 0.8 Staves
 + Level 0.8 Slings
 + Level 0.8 Bows
 + Level 0.8 Crossbows
 + Level 0.8 Throwing
 + Level 0.8 Armour
 + Level 4.5 Dodging
 + Level 4.1 Stealth
 + Level 0.8 Shields
 + Level 0.8 Unarmed Combat
 + Level 5.0 Spellcasting
 + Level 2.1 Conjurations
 + Level 0.5 Hexes
 + Level 0.5 Charms
 + Level 0.5 Summonings
 + Level 0.5 Necromancy
 + Level 0.5 Translocations
 + Level 0.5 Transmutations
 + Level 0.5 Fire Magic
 + Level 0.5 Ice Magic
 + Level 0.5 Air Magic
 + Level 0.5 Earth Magic
 + Level 5.4 Poison Magic
 + Level 1.0 Invocations
 + Level 0.8 Evocations


You had 9 spell levels left.
You knew the following spells:

 Your Spells              Type           Power        Failure   Level  Hunger
a - Sting                 Conj/Pois      ###.         2%          1    None
b - Poisonous Vapours     Pois/Air       ###...       5%          2    #......

Your spell library contained the following spells:

 Spells                   Type           Power        Failure   Level  Hunger
 Mephitic Cloud           Conj/Pois/Air  ###.....     12%         3    ##.....
 Olgreb's Toxic Radiance  Pois           ####....     13%         4    ####...
 Venom Bolt               Conj/Pois      ###.......   58%         5    ######.


Dungeon Overview and Level Annotations

Branches:
Dungeon (3/15)

Altars:
Fedhas


Innate Abilities, Weirdness & Mutations

Your experience applies equally to all skills.
You have very sharp teeth.
Your uncanny sense of smell can sniff out nearby items.
Your mind is acute. (Int +2)
You are robust. (+10% HP)


Message History

There is a stone staircase leading up here.
An orc priest comes into view. It is wielding a +0 falchion.
The orc priest shouts!
Casting: Poisonous Vapours (safe; 5% risk of failure)
Confirm with . or Enter, or press ? or * to list all spells.
Aiming: Poisonous Vapours (safe; 5% risk of failure)
Press: ? - help, Dir - move target cursor, f - orc
Aim: an orc, wielding a +0 club (lightly wounded) Poisonous vapours surround the orc!
The orc is engulfed in poison gas.
The orc is poisoned.
You kill the orc!
Fedhas accepts your kill.
The orc priest invokes the aid of Beogh against you.
You barely resist.
Unknown command.
The orc priest calls down the wrath of Beogh upon you.
Beogh smites you!
Ouch! That really hurt!
You die...
Fedhas appreciates your contribution to the ecosystem.

..# ...# .#.# ##### ####.#.#
. ####... ....#.#####.#
#.....############.##.#......
#........#..<.@.............#
#.....†#(#.#.......#.........
#..........######...o..[....)
#....(##......)....##.#######
#.............=.....#..†..#
+..........########.#####.#
#.....####.# #.# #.# #.....#
#.# #.# #o# ####### #.# #.#
#.#


You could see an orc priest.

Vanquished Creatures
  An adder (D:2)
  A dart slug (D:2)
  A leopard gecko (D:2)
  5 orcs (D:3)
  2 bats (D:2)
  5 hobgoblins
  A kobold (D:3)
  A quokka (D:3)
  2 ball pythons
  2 frilled lizards (D:2)
  3 goblins (D:2)
  3 rats (D:2)
27 creatures vanquished.

Notes
Turn   | Place    | Note
-------+----------+-------------------------------------------
     0 | D:1      | Amplified the Gnoll Venom Mage began the quest for the Orb.
     0 | D:1      | Reached XP level 1. HP: 13/13 MP: 6/6
   306 | D:1      | Gained mutation: You are robust. (+10% HP) [potion of
                  | mutation]
   306 | D:1      | Gained mutation: Your mind is acute. (Int +2) [potion of
                  | mutation]
   720 | D:2      | Reached XP level 2. HP: 20/20 MP: 4/7
   769 | D:2      | Found a blossoming altar of Fedhas.
   779 | D:2      | Became a worshipper of Fedhas Madash
  1087 | D:2      | Reached XP level 3. HP: 16/27 MP: 1/9
  1168 | D:2      | Learned a level 2 spell: Poisonous Vapours
  1174 | D:2      | Reached skill level 5 in Spellcasting
  1222 | D:2      | Found a faded altar of an unknown god.
  1455 | D:3      | Reached skill level 1 in Invocations
  1491 | D:3      | Killed from afar by an orc priest

Levels and vault maps discovered:
D:1:      minmay_arrival_widening_spiral_wide, layout_basic
D:2:      layout_basic, fedhas_altar_1, chequers_ecumenical_altar_grove
D:3:      layout_basic, lemuel_coloured_pillars_altar, first_ration

Skill      XL: |  1  2  3 |
---------------+----------+-----
Conjurations   | 2 |  2.1
Spellcasting   | 5 |  5.0
Invocations    | 1 |  1.0
Fighting       | |  0.8
Short Blades   | |  0.8
Long Blades    | |  0.8
Axes           | |  0.8
Maces & Flails | |  0.8
Polearms       | |  0.8
Staves         | |  0.8
Slings         | |  0.8
Bows           | |  0.8
Crossbows      | |  0.8
Throwing       | |  0.8
Armour         | |  0.8
Dodging        | |  4.5
Stealth        | |  4.1
Shields        | |  0.8
Unarmed Combat | |  0.8
Hexes          | |  0.5
Charms         | |  0.5
Summonings     | |  0.5
Necromancy     | |  0.5
Translocations | |  0.5
Transmutations | |  0.5
Fire Magic     | |  0.5
Ice Magic      | |  0.5
Air Magic      | |  0.5
Earth Magic    | |  0.5
Poison Magic   | |  5.4
Evocations     | |  0.8

Action                   || total
-------------------------++-------
Melee: Unarmed           ||    60
       Bite              ||     4
       Whip              ||    10
 Cast: Sting             ||    23
       Poisonous Vapours ||    12
  Use: Scroll            ||     8
       Potion            ||     1
  Eat: Chunk             ||     1
Armor: Chain mail        ||    22
       Robe              ||     4
Dodge: Dodged            ||    49
